Map: Tokamak LE

Players

ManlyManMeat

  • Race: Terran Terran
  • League: Master
  • Spawn Location: 7:00

JanGaarni - Winner!

  • Race: Protoss Protoss
  • League: Platinum
  • Spawn Location: 1:00

VOD

Have the link to the VOD?

Description

Time

  • Played on: June 16, 2025, 4:22 p.m.
  • Length: 15:45
Show
View Real Time Build Order
Export as new Build Order

ManlyManMeat Terran 

Build Orders: Reaper Expand 

Get SALT Encoding   

  12  0:00  SCV  
  13  0:12  SCV  
  14  0:17  Supply Depot  
  14  0:24  SCV  
  15  0:39  SCV  
  15  0:41  Barracks  
  16  0:45  Refinery  
  16  0:51  SCV  
  17  1:03  SCV  
  18  1:15  SCV  
  19  1:27  Orbital Command  
  19  1:29  Reaper  
  20  1:46  Command Center  
  20  1:52  Supply Depot  
  20  1:56  SCV  
  20  2:00  Marine  
  22  2:10  Factory  
  22  2:24  SCV  
  23  2:36  SCV  
  24  2:43  Barracks Tech Lab  
  24  2:44  Barracks Reactor, Command Center  
  24  2:57  SCV  
  24  2:58  Orbital Command  
  25  3:01  Factory Tech Lab  
  25  3:03  Refinery  
  25  3:11  SCV  
  26  3:23  SCV  
  26  3:24  SCV  
  28  3:28  Siege Tank  
  28  3:29  Marine x2  
  33  3:35  SCV  
  33  3:36  SCV, Barracks  
  35  3:47  Supply Depot, SCV, Marine x2  
  35  3:48  SCV  
  39  4:00  SCV, Siege Tank  
  43  4:04  Marine  
  43  4:05  Marine  
  45  4:11  SCV  
  45  4:14  Orbital Command  
  46  4:22  Marine x2  
  47  4:24  Barracks Tech Lab  
  47  4:35  Refinery x2  
  47  4:37  SCV x2  
  49  4:40  Marine  
  50  4:49  SCV  
  51  4:53  Starport  
  51  4:54  Starport, Marauder, Marine  
  51  4:55  SCV x2  
  51  4:58  Marine  
  57  5:04  SCV  
  58  5:07  SCV  
  58  5:08  SCV  
  58  5:12  Marine  
  61  5:21  Orbital Command  
  61  5:30  Factory Reactor  
  61  5:31  Engineering Bay  
  61  5:32  Starport Reactor  
  61  5:33  Supply Depot, Engineering Bay  
  60  5:42  SCV x2  
  62  5:49  Marine  
  63  5:50  Marine  
  63  5:51  Starport Reactor  
  63  5:54  SCV  
  65  5:58  Supply Depot  
  65  6:01  Barracks  
  65  6:05  Marine  
  65  6:07  Marine  
  65  6:09  Viking x2  
  71  6:16  SCV x2  
  73  6:19  SCV  
  73  6:28  SCV  
  73  6:30  Stimpack  
  72  6:33  Terran Infantry Armor Level 1, Terran Infantry Weapons Level 1  
  68  6:50  Viking x4  
  76  6:55  Marine  
  76  6:56  SCV x2  
  79  7:04  Marine x2  
  81  7:09  Supply Depot  
  81  7:10  Supply Depot  
  81  7:16  Marine  
  81  7:20  Viking  
  84  7:23  Combat Shield  
  84  7:27  Factory Reactor  
  84  7:28  SCV  
  85  7:31  Viking x3, SCV x2  
  91  7:40  SCV  
  91  7:43  SCV x2  
  94  7:45  Marine  
  94  7:46  Marine x2  
  94  7:49  Missile Turret  
  94  7:50  Missile Turret  
  97  7:51  Missile Turret  
  97  7:53  Missile Turret  
  97  7:54  Missile Turret, SCV  
  97  7:55  Missile Turret, SCV x2  
  100  8:03  Marine  
  101  8:21  SCV, Marine  
  86  8:28  Marine x2  
  86  8:33  Viking x2  
  80  8:34  Marine  
  80  8:38  Marine  
  78  8:46  Marine x2  
  78  8:47  Armory  
  80  8:52  Supply Depot, Marine  
  80  8:53  SCV x2, Factory Reactor  
  80  8:54  Supply Depot, SCV  
  84  8:56  Refinery x2, Marine  
  84  8:59  Factory  
  85  9:03  Medivac x2  
  85  9:04  Marine  
  85  9:05  SCV x2  
  93  9:11  Concussive Shells  
  93  9:14  Marine  
  97  9:17  Marauder x2  
  97  9:18  Medivac  
  97  9:19  Medivac  
  97  9:21  Marine  
  102  9:27  SCV  
  102  9:28  SCV x2  
  102  9:30  Command Center  
  105  9:32  Marine  
  105  9:37  Medivac x2  
  110  9:40  SCV x2  
  110  9:42  Terran Vehicle Weapons Level 1  
  110  9:43  Terran Infantry Weapons Level 2, Terran Infantry Armor Level 2  
  112  9:46  Supply Depot  
  112  9:48  Supply Depot  
  112  9:51  Supply Depot  
  112  10:02  Marine  
  112  10:03  Marauder x2  
  117  10:12  Supply Depot  
  117  10:13  Viking  
  117  10:14  Viking, Supply Depot, Marine  
  121  10:16  Viking x2  
  121  10:17  Factory Reactor  
  121  10:19  Marine  
  127  10:23  Marine  
  127  10:24  SCV x2, Marine  
  125  10:49  Orbital Command  
  125  10:51  Marine x3  
  125  10:52  Marine  
  125  10:53  Viking x4  
  137  11:05  Factory Reactor  
  137  11:09  Marine x4  
  141  11:23  Viking  
  141  11:29  Marine x4  
  127  11:47  Command Center, Marine x2  
  127  11:48  SCV x3  
  127  11:52  Marine x2  
  127  11:53  Missile Turret  
  134  11:55  Viking x2, Missile Turret, Command Center  
  134  11:56  Viking  
  134  12:00  SCV  
  140  12:04  Marine  
  140  12:06  Command Center  
  139  12:15  Marine  
  139  12:16  Marine x2  
  139  12:18  Hellion x2  
  139  12:19  Hellion x2  
  139  12:22  Marine  
  129  12:33  Marine  
  118  12:55  Marine x4  
  114  13:05  Factory Tech Lab  
  114  13:07  Planetary Fortress  
  110  13:13  Marine x3  
  113  13:22  Marine  
  114  13:30  Factory Tech Lab  
  114  13:31  Marine x3  
  117  13:40  Command Center, Marine  
  116  13:42  Command Center  
  116  13:53  Marine x3  
  111  13:58  Marine  
  98  14:11  Marine x3  
  98  14:15  Marine  
  80  14:19  Viking x2  
  80  14:20  Viking x2  
  69  14:28  Marine  
  69  14:29  Marine x2  
  66  14:33  Barracks, Marine  
  66  14:35  Barracks  
  66  14:36  Barracks  
  66  14:37  Barracks  
  67  14:45  Siege Tank  
  69  14:46  Marine x2  
  71  14:56  Marine  
  69  15:04  Viking, Marine  
  69  15:05  Viking  
  69  15:06  Barracks  
  73  15:07  Barracks  
  72  15:17  Marine x2  
  54  15:42  Missile Turret  
Show
View Real Time Build Order
Export as new Build Order

JanGaarni Protoss - Winner!

Build Orders: 1 Gate Expand, Phoenix Opening 

Get SALT Encoding   

  12  0:03  Probe  
  13  0:15  Probe  
  14  0:25  Pylon  
  14  0:28  Probe  
  15  0:40  Probe  
  15  0:44  Gateway  
  15  0:48  Probe  
  16  0:56  Assimilator  
  17  0:58  Probe  
  18  1:10  Probe  
  19  1:22  Probe  
  20  1:31  Cybernetics Core  
  20  1:39  Probe  
  21  1:44  Nexus  
  21  1:48  Pylon  
  21  1:53  Probe  
  22  1:59  Assimilator  
  22  2:00  Adept  
  22  2:11  Warp Gate  
  22  2:14  Probe  
  25  2:20  Adept  
  26  2:41  Probe  
  27  2:47  Stalker  
  29  2:53  Probe  
  29  2:56  Probe  
  31  3:02  Gateway, Shield Battery  
  31  3:08  Stargate, Probe  
  32  3:15  Probe  
  33  3:20  Probe  
  33  3:21  Pylon  
  34  3:33  Stalker  
  34  3:35  Probe x2  
  38  3:47  Phoenix, Probe x2  
  40  3:49  Assimilator  
  42  4:06  Probe x2  
  44  4:10  Phoenix, Pylon  
  46  4:22  Adept x2  
  50  4:38  Phoenix  
  52  4:54  Stalker x2  
  52  4:56  Probe x2  
  58  5:00  Robotics Facility  
  58  5:02  Forge  
  58  5:09  Assimilator  
  58  5:11  Pylon  
  58  5:16  Phoenix  
  60  5:22  Probe x2  
  62  5:34  Probe  
  63  5:41  Phoenix, Zealot x2  
  69  5:46  Pylon  
  69  5:47  Pylon  
  69  5:50  Pylon  
  69  5:53  Twilight Council  
  69  5:54  Gateway  
  69  5:56  Gateway  
  69  5:58  Pylon  
  69  6:00  Pylon  
  69  6:01  Observer  
  70  6:04  Pylon  
  70  6:07  Phoenix  
  70  6:10  Zealot x2  
  76  6:19  Probe x2  
  78  6:31  Probe  
  79  6:42  Phoenix  
  79  6:43  Protoss Ground Weapons Level 1  
  79  6:44  Charge  
  81  6:50  Stalker x2  
  85  7:11  Phoenix  
  85  7:12  Immortal  
  85  7:14  Pylon  
  89  7:16  Nexus  
  89  7:17  Pylon  
  89  7:26  Shield Battery  
  89  7:27  Shield Battery  
  89  7:28  Pylon  
  89  7:30  Pylon  
  89  7:45  Phoenix  
  91  7:55  Immortal  
  95  7:59  Zealot x2  
  95  8:00  Zealot x2  
  95  8:04  Probe x2  
  105  8:16  Probe x2  
  95  8:31  Zealot x3  
  101  8:34  Protoss Ground Weapons Level 2  
  101  8:42  Pylon  
  101  8:45  Pylon, Blink  
  101  8:51  Probe x3  
  104  9:01  Templar Archives  
  104  9:03  Probe x2  
  104  9:05  Pylon  
  104  9:06  Pylon  
  104  9:08  Photon Cannon  
  106  9:10  Photon Cannon  
  106  9:11  Photon Cannon  
  106  9:12  Probe, Shield Battery  
  106  9:15  Probe  
  108  9:21  Phoenix  
  110  9:27  Immortal  
  114  9:32  Sentry x4  
  122  9:49  Phoenix  
  124  9:58  Zealot x4  
  132  10:08  Immortal  
  132  10:13  Phoenix  
  138  10:15  Robotics Bay  
  138  10:22  Probe x3  
  141  10:28  Gateway  
  141  10:29  Gateway  
  141  10:30  Gateway x2  
  141  10:33  Gateway  
  141  10:34  Gateway  
  135  10:37  Zealot x2  
  135  10:38  Phoenix  
  135  10:39  High Templar x2  
  145  10:44  Archon  
  145  11:01  High Templar  
  147  11:10  Stalker  
  138  11:39  Phoenix  
  140  11:40  High Templar  
  142  11:53  Probe x3  
  145  11:56  Assimilator  
  145  11:57  Assimilator  
  145  11:58  Pylon  
  145  12:00  Pylon x3  
  145  12:02  Pylon  
  145  12:19  High Templar x2  
  139  12:35  Stalker x2  
  132  12:52  Stalker  
  132  12:58  Probe x3  
  134  13:10  Probe x2  
  136  13:16  Probe  
  137  13:22  Probe x2  
  139  13:28  Probe  
  140  13:51  High Templar x2, Zealot  
  140  13:52  High Templar  
  140  14:05  Immortal  
  116  14:17  Archon  
  116  14:18  Archon x2  
  116  14:24  Phoenix  
  118  14:25  Probe x3  
  121  14:33  Probe x3  
  124  14:41  Probe x3  
  126  14:48  Nexus  
  126  14:49  Pylon  
  126  14:52  Probe  
  127  14:53  Assimilator  
  127  14:56  Assimilator  
  134  15:00  Pylon  
  126  15:31  Zealot x2  
  126  15:32  Zealot x7  
Tags
 
Add a new tag
Caveats
  • Supply blocks, unpowered buildings, or Contaminate may cause inaccurate times.
  • Supply counts are checked every 10 seconds.